 Dungeon Crawl Stone Soup version 0.31-a0-986-g5e6e4ef867 (webtiles) character file.

Game seed: 14802445509501623975

749336 jestert79 the Shapeless Merfolk (level 27, -1/224 HPs)
             Began as a Merfolk Shapeshifter on Nov 1, 2023.
             Was the Champion of Dithmenos.
             Killed by divine providence
             ... invoked by a balrug
             ... summoned by Cerebov
              (11 damage)
             ... in Pandemonium on Nov 3, 2023.
             The game lasted 08:36:19 (85015 turns).

jestert79 the Shapeless Merfolk (MfSh)             Turns: 85015, Time: 08:36:19

Health: -1/224     AC: 41    Str: 16    XL:     27
Magic:  34/34      EV: 22    Int: 10    God:    Dithmenos [******]
Gold:   8539       SH:  9    Dex: 28    Spells: 28/41 levels left

rFire   + .          .
                       - Unarmed
rCold   + + .        i - +2 buckler of Koinni {rF+}
rNeg    + + +        K - +8 plate armour of Inviolability {rF+}
rPois   ∞            S - +3 crown of Dyrovepreva {rElec Int+2 SInv}
rElec   +            V - +4 dragonskin cloak
rCorr   .            a - +2 pair of gloves {Dex+3}
SInv    +            M - +2 pair of boots
Will    ++++.        r - amulet of Xiuc Weg {rN+ Regen+ Stlth+} Stlth
                     j - ring of protection from cold
HPRegen 1.37/turn    O - ring of willpower
MPRegen 0.24/turn

%: no passive effects
@: about to teleport, death-form, fire vulnerable, wreathed by umbra, studying 8
skills
A: vile attack, torment immunity, no potions, (nimble swimmer 2), mertail, dopey
1, frail 1
}: 5/15 runes: decaying, serpentine, slimy, silver, abyssal
a: Siphon Essence, Begin Untransformation, Renounce Religion, Shadow Step,
Shadow Form


You were in Pandemonium.
You worshipped Dithmenos.
Dithmenos was exalted by your worship.
You were an undying horror.
You visited 12 branches of the dungeon, and saw 56 of its levels.
You visited Pandemonium 2 times, and saw 8 of its levels.
You visited the Abyss 2 times.
You also visited: Trove and Ossuary.

You collected 11081 gold pieces.
You spent 2542 gold pieces at shops.

Inventory:

Hand Weapons
 b - the +27 heavy crossbow "Sniper" {heavy, Acc+∞ SInv}
   (You found it on level 4 of the Vaults)

   Acc+∞: It never misses its target.
   SInv:      It lets you see invisible.
Missiles
 o - 7 throwing nets
Armour
 a - a +2 pair of gloves of dexterity (worn)
 i - the +2 buckler of Koinni (worn) {rF+}
   (You found it in a treasure trove)

   rF+:       It protects you from fire.
 K - the +8 plate armour of Inviolability (worn) {rF+}
   (You found it in a treasure trove)

   rF+:       It protects you from fire.
 M - a +2 pair of boots (worn)
 S - the +3 crown of Dyrovepreva (worn) {rElec Int+2 SInv}
   (You bought it in a shop on level 5 of the Vaults)

   Int+2:     It affects your intelligence (+2).
   rElec:     It insulates you from electricity.
   SInv:      It lets you see invisible.
 V - the +4 dragonskin cloak (worn)
   (You took it off Tiamat on level 4 of the Realm of Zot)

   Avatar's Aegis: It grants the wearer a chance to resist fire, cold, poison,
   electricity, acid, and negative energy.
Jewellery
 d - the ring of the Hero {Fire rElec}
   (You found it on level 1 of the Elven Halls)

   [ring of fire]

   Fire:      It enhances your fire magic.
   rF+:       It protects you from fire.
   rC-:       It makes you vulnerable to cold.
   rElec:     It insulates you from electricity.
 j - a ring of protection from cold (left hand)
 r - the amulet of Xiuc Weg (around neck) {rN+ Regen+ Stlth+}
   (You took it off a fire giant on level 3 of the Depths)

   [amulet of regeneration]

   rN+:       It protects you from negative energy.
   Regen+:    It increases your rate of health regeneration.
   Stlth+:    It makes you more stealthy.
 u - a ring of positive energy
 v - the ring "Leiwoj" {rPois Int+6}
   (You found it on level 5 of the Pits of Slime)

   [ring of intelligence]

   Int+6:     It affects your intelligence (+6).
   rPois:     It protects you from poison
 C - a ring of resist corrosion
 E - the ring of Odakafirch {rN+ Str+2}
   (You took it off a deep elf high priest on level 3 of the Elven Halls)

   [ring of positive energy]

   Str+2:     It affects your strength (+2).
   rN+:       It protects you from negative energy.
 F - a ring of protection from fire
 O - a ring of willpower (right hand)
 P - a ring of magical power
 Q - a ring of magical power
 Z - the ring "Egaunuh" {rF+ Str+2}
   (You found it on level 5 of the Lair of Beasts)

   [ring of protection from fire]

   Str+2:     It affects your strength (+2).
   rF+:       It protects you from fire.
Talismans
 A - a talisman of death (active)
 H - a storm talisman
 X - a dragon-blood talisman
Wands
 f - a wand of iceblast (36)
 s - a wand of paralysis (6)
 N - a wand of quicksilver (31)
 U - a wand of digging (3)
Scrolls
 h - 2 scrolls of vulnerability
 l - 9 scrolls of fear
 p - 2 scrolls of enchant armour
 q - 16 scrolls of teleportation
 t - 10 scrolls of blinking
 y - 8 scrolls of poison
 z - 11 scrolls of revelation
 G - 14 scrolls of fog
 T - 5 scrolls of silence
 Y - 6 scrolls of immolation
Potions
 c - 8 potions of invisibility
 e - 14 potions of enlightenment
 g - 3 potions of haste
 k - 12 potions of lignification
 m - 5 potions of might
 n - 14 potions of heal wounds
 w - 6 potions of cancellation
 x - 12 potions of mutation
 B - a potion of experience
 D - 27 potions of curing
 I - 10 potions of brilliance
 J - 6 potions of magic
 L - 11 potions of attraction
 R - 8 potions of resistance
 W - 4 potions of berserk rage


   Skills:
 O Level 27 Fighting
 - Level 13.1 Ranged Weapons
 + Level 16.6 Armour
 O Level 27 Dodging
 - Level 4.0 Shields
 O Level 27 Unarmed Combat
 - Level 7.5 Spellcasting
 + Level 13.8 Translocations
 + Level 10.1 Ice Magic
 O Level 27 Shapeshifting


You had 28 spell levels left.
You knew the following spells:

 Your Spells              Type           Power      Damage    Failure   Level
a - Manifold Assault      Tloc           31%        N/A       13%         4
b - Blink                 Tloc           62%        N/A       1%          2
c - Ozocubu's Armour      Ice            24%        N/A       17%         3
d - Vhi's Electric Charg  Tloc/Air       34%        N/A       91%         4

Your spell library contained the following spells:

 Spells                   Type           Power      Damage    Failure   Level
 Apportation              Tloc           62%        N/A       1%          1
 Lesser Beckoning         Tloc           62%        N/A       1%          2
 Gell's Gravitas          Tloc           31%        N/A       3%          3
 Teleport Other           Tloc           31%        N/A       3%          3
 Freeze                   Ice            96%        1d10      6%          1
 Frozen Ramparts          Ice            48%        1d8       17%         3
 Momentum Strike          Conj/Tloc      34%        3d8       32%         2
 Volatile Blastmotes      Fire/Tloc      34%        2d12      54%         3
 Ensorcelled Hibernation  Hex/Ice        26%        N/A       56%         2
 Hailstorm                Conj/Ice       13%        3d5       80%         3
 Dispersal                Tloc           15%        N/A       89%         6
 Dimensional Bullseye     Hex/Tloc       8%         N/A       91%         4
 Iskenderun's Mystic Bla  Conj/Tloc      17%        2d5       91%         4
 Kiss of Death            Conj/Necr      12%        2d6       98%         1
 Magic Dart               Conj           12%        1d3       98%         1
 Necrotise                Necr           12%        1d4       98%         1
 Sandblast                Erth           6%         2d5       98%         1
 Slow                     Hex            12%        N/A       98%         1
 Sting                    Tmut/Pois      12%        1d3       98%         1
 Summon Small Mammal      Summ           12%        N/A       98%         1
 Call Imp                 Summ           6%         N/A       99%         2
 Cigotuvi's Dreadful Rot  Necr/Pois/Air  6%         N/A       99%         2
 Jinxbite                 Hex            6%         N/A       99%         2
 Passwall                 Tmut/Erth      2%         N/A       99%         2
 Poisonous Vapours        Pois/Air       6%         N/A       99%         2
 Scorch                   Fire           6%         2d5       99%         2
 Searing Ray              Conj           6%         2d4       99%         2
 Static Discharge         Conj/Air       6%         3-4/arc   99%         2
 Sublimation of Blood     Necr           3%         N/A       99%         2
 Wereblood                Tmut           3%         N/A       99%         2
 Summon Ice Beast         Ice/Summ       13%        N/A       99%         4
 Summon Forest            Summ/Tloc      8%         N/A       99%         5
 Call Canine Familiar     Summ           3%         N/A       100%        3
 Confusing Touch          Hex            3%         N/A       100%        3
 Dazzling Flash           Conj/Hex       6%         N/A       100%        3
 Ignite Poison            Fire/Tmut/Pois 3%         N/A       100%        3
 Inner Flame              Hex/Fire       3%         N/A       100%        3
 Mephitic Cloud           Conj/Pois/Air  3%         N/A       100%        3
 Sigil of Binding         Hex            3%         N/A       100%        3
 Summon Guardian Golem    Hex/Summ       3%         N/A       100%        3
 Swiftness                Air            3%         N/A       100%        3
 Vampiric Draining        Necr           3%         2d6       100%        3
 Anguish                  Hex/Necr       1%         N/A       100%        4
 Animate Armour           Summ/Erth      6%         N/A       100%        4
 Cause Fear               Hex            1%         N/A       100%        4
 Dispel Undead            Necr           3%         3d7       100%        4
 Flame Wave               Conj/Fire      3%         2d5       100%        4
 Fulminant Prism          Conj/Hex       1%         3d5       100%        4
 Leda's Liquefaction      Hex/Erth       1%         N/A       100%        4
 Olgreb's Toxic Radiance  Pois           3%         N/A       100%        4
 Sticky Flame             Conj/Fire      3%         2d3       100%        4
 Summon Lightning Spire   Summ/Air       3%         N/A       100%        4
 Agony                    Necr           3%         N/A       100%        5
 Alistair's Intoxication  Tmut/Pois      2%         N/A       100%        5
 Arcjolt                  Conj/Air       1%         1d11      100%        5
 Borgnjor's Vile Clutch   Necr/Erth      1%         N/A       100%        5
 Lee's Rapid Deconstruct  Erth           1%         3d4*      100%        5
 Metabolic Englaciation   Hex/Ice        6%         N/A       100%        5
 Silence                  Hex/Air        1%         N/A       100%        5
 Yara's Violent Unravell  Hex/Tmut       1%         3d3       100%        5
 Bombard                  Conj/Erth      1%         9d1       100%        6
 Conjure Ball Lightning   Conj/Air       1%         3x3d6     100%        6
 Death Channel            Necr           1%         N/A       100%        6
 Eringya's Noxious Bog    Tmut/Pois      1%         4d6       100%        6
 Plasma Beam              Fire/Air       1%         2x1d11    100%        6
 Simulacrum               Ice/Necr       6%         N/A       100%        6
 Starburst                Conj/Fire      1%         6d3       100%        6
 Summon Cactus Giant      Summ           1%         N/A       100%        6
 Enfeeble                 Hex            1%         N/A       100%        7
 Haunt                    Necr/Summ      1%         N/A       100%        7
 Malign Gateway           Summ/Tloc      8%         N/A       100%        7
 Ozocubu's Refrigeration  Ice            12%        4d10      100%        7
 Summon Hydra             Summ           1%         N/A       100%        7
 Borgnjor's Revivificati  Necr           1%         N/A       100%        8
 Discord                  Hex            1%         N/A       100%        8
 Disjunction              Tloc           15%        N/A       100%        8
 Ignition                 Fire           1%         3d3       100%        8
 Maxwell's Capacitive Co  Air            1%         ∞         100%        8
 Summon Horrible Things   Summ           1%         N/A       100%        8
 Chain Lightning          Conj/Air       1%         3d2       100%        9
 Death's Door             Necr           1%         N/A       100%        9
 Dragon's Call            Summ           1%         N/A       100%        9
 Fire Storm               Conj/Fire      1%         8d1       100%        9
 Polar Vortex             Ice            12%        12d1*     100%        9
 Shatter                  Erth           1%         3d6*      100%        9


Dungeon Overview and Level Annotations

Branches:
Dungeon (15/15)            Temple (0/1) D:4            Lair (5/5) D:9
  Swamp (4/4) Lair:3        Snake (4/4) Lair:2        Slime (5/5) Lair:5
    Orc (2/2) D:9             Elf (3/3) Orc:2        Vaults (5/5) D:13
  Crypt (3/3) Vaults:2       Tomb (0/3) Crypt:3      Depths (4/4) D:15
   Hell (visited)             Dis (0/7) Hell            Geh (0/7) Hell
    Coc (0/7) Hell            Tar (0/7) Hell            Zot (5/5) Depths:4
Ossuary (visited)

Altars:
Ashenzari
Dithmenos
Gozag
Hepliaklqana
Kikubaaqudgha
Makhleb
Okawaru
Qazlal
Uskayaw
Vehumet
Wu Jian
Xom
Yredelemnul
Zin
The Shining One
Jiyva
Lugonu

Shops:
D:9 :   Orc:1 *   Orc:2 :[!:   Elf:2 (   Elf:3 (:*   Vaults:2 *[   Vaults:5 [
Depths:2 (   Depths:4 !?

Portals:
Hell: Depths:1 Depths:2 Depths:3 Depths:4
Abyss: Swamp:3 Depths:2 Depths:3
Pandemonium: Depths:1 Depths:2 Depths:4
Ziggurat: Depths:1

Annotations:
D:4 Robin
D:5 2 transporters, ragingrage's ghost, amateur TeWr
D:10 2 transporters
Pan Cerebov


Innate Abilities, Weirdness & Mutations

You are an undying horror.
Your melee and unarmed attacks drain, slow and weaken victims.
You are immune to unholy pain and torment.
You cannot drink.
You are immune to poison.
((You are very nimble when in or above water. (Stealth+, EV+, Speed+++)))
Your lower body shifts to a powerful aquatic tail in water.
You are dopey. (Int -2)
You are frail. (-10% HP)


Message History

Cerebov is moderately wounded.
You hit Cerebov but do no damage.
Cerebov is moderately wounded.
Cerebov hits you but does no damage. The Brimstone Fiend closely misses you.
You block the Brimstone Fiend's attack.
The Brimstone Fiend hits you but does no damage.
You punch Cerebov!
Cerebov decays.
Cerebov is moderately wounded.
Your shadow hits Cerebov! Cerebov completely misses you.
You pummel Cerebov!!
Cerebov decays.
Cerebov is moderately wounded.
Your shadow barely misses Cerebov.
The Brimstone Fiend completely misses you.
You block the Brimstone Fiend's attack. x2
The balrug gestures at you. Something smites you!
You hit Cerebov but do no damage.
Cerebov is moderately wounded.
Your shadow hits Cerebov but does no damage.
Cerebov gestures at you. The iron shot hits you!!!
Unknown command.
As you read the scroll of teleportation, it crumbles to dust.
You feel strangely unstable. The balrug gestures at you.
The fireball explodes!
The fireball engulfs Cerebov.
Cerebov completely resists.
The fireball engulfs the balrug.
The balrug completely resists.
The fireball engulfs the balrug.
The balrug completely resists.
The fireball engulfs you! You resist.
* * * LOW HITPOINT WARNING * * *
You emit a cloud of dark smoke.
The Brimstone Fiend gestures at you.
The sphere of damnation explodes!
The damnation engulfs you!!!
* * * LOW HITPOINT WARNING * * *
The damnation engulfs Cerebov.
Cerebov completely resists.
The damnation engulfs the Brimstone Fiend.
The Brimstone Fiend completely resists.
The balrug gestures at you. Something smites you!
You die...

.#.#.............#.#### ##.......
.#.................# #.#...#.
.#.#.............#.# #.#...#.
.#.................#
.#.#.#.#.....#.#2#.#
.#.......#.#.......#
######'###.###'#####
######.#.....#2##################
.......###.###2&z1...............
##########.######################
..##.# #.....# #.##..##..##..##..
.....# #.#.#.# #.................
.....###.....###.................
.................................
.........[.......................
.?...............................
#################################


You could see Cerebov (wandering, fast, slow, weak), a Brimstone Fiend
(summoned) and 2 balrugs.

Vanquished Creatures
  the Royal Jelly (Slime:5)
  A dread lich (Vaults:5)
  Tiamat (Zot:4)
  2 ancient liches
  An orb of fire (Zot:4)
  Mara (Depths:3)
  2 juggernauts
  Sojobo (Depths:1)
  3 Killer Klowns (Zot:3)
  A curse toe (Zot:2)
  2 caustic shrikes (Depths:2)
  The ghost of Ziugimmo the Tortoise, a veteran AtMo of Elyvilon (Vaults:4)
  8 golden dragons
  Geryon (Hell)
  7 pandemonium lords (Pan)
  Nikola (Swamp:4)
  Norris (Vaults:3)
  A profane servitor (Crypt:3)
  4 bone dragons
  2 Tzitzimimeh (Pan)
  A hellephant (Abyss:3)
  8 Brimstone Fiends (Pan)
  An electric golem (Zot:3)
  Jorgrun (D:12)
  2 walking crystal tomes (Depths:3)
  2 Orb Guardians (Zot:5)
  5 Ice Fiends (Pan)
  3 Hell Sentinels (Pan)
  24 tentacled monstrosities
  9 liches
  The ghost of tsujin the Spry, an adept DjCj of Ashenzari (Swamp:3)
  4 titans
  2 walking divine tomes
  5 quicksilver dragons
  20 acid blobs
  3 deep elf blademasters
  2 deep elf master archers (Elf:3)
  12 death cobs
  2 tentacled starspawn
  Frances (Swamp:1)
  11 ancient champions
  7 Executioners (Pan)
  2 thorn hunters
  6 sphinxes
  26 storm dragons
  10 tengu reavers
  10 shadow dragons
  10 draconian monks
  8 rockslimes
  Aizul (Swamp:2)
  2 fenstrider witches
  Donald (Swamp:2)
  3 draconian knights
  15 azure jellies
  10 fire giants
  8 frost giants
  3 deep elf sorcerers
  22 balrugs
  8 demonspawn warmongers (Pan)
  6 revenants
  2 ghost moths
  6 iron dragons
  7 deep elf elementalists
  4 nagarajas
  15 vault wardens
  7 draconian scorchers
  3 orc warlords
  8 draconian shifters
  2 curse skulls
  4 draconian stormcallers
  Louise (Lair:3)
  9 demonspawn corrupters (Pan)
  2 spriggan defenders (Depths:2)
  2 angels (Pan)
  12 quicksilver oozes
  6 ghouls
  17 reapers
  5 cacodemons
  4 draconian annihilators
  21 stone giants
  22 ironbound preservers
  7 demonspawn blood saints (Pan)
  5 formless jellyfish
  19 very ugly things
  2 war gargoyles (Hell)
  9 ironbound thunderhulks
  8 vampire knights
  9 black draconians
  8 eleionomae
  5 deep elf demonologists
  8 green draconians
  5 demonspawn black suns (Pan)
  8 lorocyprocas
  4 starflowers (Abyss:3)
  14 red draconians
  45 starcursed masses
  5 dire elephants
  21 white draconians
  12 purple draconians
  Azrael (Elf:1)
  2 bunyips
  12 spark wasps
  9 deep elf annihilators
  4 yellow draconians
  A wendigo (Hell)
  3 eidola
  9 blizzard demons
  14 ettins
  8 deep elf death magi
  9 green deaths (Pan)
  107 slime creatures
  15 jiangshi
  3 mummy priests (Crypt:3)
  11 yaktaur captains
  8 deep elf high priests
  4 fire dragons
  2 entropy weavers
  A shambling mangrove (Swamp:4)
  30 vault guards
  4 salamander tyrants
  A spriggan zombie (Crypt:3)
  A quicksilver dragon skeleton (Abyss:3)
  15 great orbs of eyes
  3 ghost crabs (Swamp:3)
  15 hydras
  4 hell beasts
  4 ice dragons
  4 rakshasas
  2 spriggan skeletons (Crypt:1)
  A peacekeeper (Vaults:4)
  A juggernaut simulacrum (Hell)
  A boulder beetle (D:12)
  2 ogre magi
  9 ironbound frosthearts
  2 anacondas (shapeshifter) (Vaults:5)
  A bennu zombie (Crypt:1)
  12 alligators
  A catoblepas (Lair:5)
  A sphinx zombie (Crypt:1)
  7 centaur warriors
  24 dancing weapons
  An Orb Guardian zombie (Crypt:2)
  6 spriggan air magi
  6 tengu warriors
  10 anacondas
  3 death knights
  A satyr (shapeshifter) (Depths:1)
  8 two-headed ogres
  4 deep troll earth magi
  6 deep troll shamans
  9 vampire magi
  13 naga warriors
  2 occultists
  3 spriggan berserkers (Depths:4)
  9 naga sharpshooters
  13 death yaks
  21 demonic crawlers
  11 hell hogs
  9 thrashing horrors
  5 orc high priests
  4 skysharks
  39 hell knights
  Urug (Lair:4)
  14 deep elf knights
  Nergalle (Lair:1)
  11 shock serpents
  5 salamander mystics
  24 skeletal warriors
  28 soul eaters
  6 iron trolls
  4 shadow wraiths (Crypt:3)
  A skyshark (shapeshifter) (Vaults:5)
  8 sixfirhies
  78 sun demons
  7 wretched stars
  6 goliath frogs
  54 deep trolls
  Lodul (D:13)
  A death drake (Swamp:3)
  15 swamp dragons
  A spatial maelstrom (Abyss:3)
  9 spriggan druids
  An anaconda zombie (Crypt:3)
  7 sea snakes
  13 naga ritualists
  13 bog bodies
  9 flayed ghosts
  10 glowing orange brains
  An orange crystal statue (Crypt:1)
  19 ironbound convokers
  44 large abominations
  2 spriggan simulacra
  6 arcanists
  4 deep elf archers
  6 lindwurms
  6 shadow demons
  9 necromancers
  A steelbarb worm (shapeshifter) (Abyss:2)
  An anaconda skeleton (Hell)
  Pikel (D:8)
  24 deep elf pyromancers
  19 deep elf zephyrmancers
  4 harpies (Vaults:2)
  13 phantasmal warriors
  A tengu zombie (Depths:3)
  A wolf spider (D:15)
  5 manticores
  A moth of wrath (shapeshifter) (Vaults:4)
  12 orc knights
  7 draconians (Abyss:3)
  A shining eye (shapeshifter) (Vaults:5)
  5 orc sorcerers
  26 salamanders
  5 shining eyes
  5 mana vipers
  A frost giant zombie (Depths:3)
  8 will-o-the-wisps
  47 ugly things
  5 elephants
  3 worldbinders
  A stone giant zombie (Crypt:3)
  4 cyclopes
  6 guardian serpents
  A naga zombie (Crypt:3)
  An iron dragon skeleton (Depths:3)
  23 moths of wrath
  A stone giant skeleton (Crypt:2)
  A centaur zombie (Hell)
  3 torpor snails
  18 vault sentinels
  A titan simulacrum (Crypt:1)
  23 naga magi
  A water nymph (D:15)
  3 apocalypse crabs
  A fire giant skeleton (Crypt:1)
  2 eyes of devastation
  9 rust devils
  21 smoke demons
  27 black mambas
  3 molten gargoyles (Hell)
  4 gargoyles
  16 orange demons
  10 freezing wraiths
  2 rime drakes
  2 unseen horrors
  21 hellions
  Psyche (D:12)
  3 tormentors (Pan)
  24 cane toads
  19 yaktaurs
  An iron troll zombie (Crypt:3)
  11 komodo dragons
  A steelbarb worm zombie (Crypt:3)
  An unseen horror (shapeshifter) (Abyss:3)
  4 kobold demonologists
  9 guardian mummies (Crypt:3)
  A komodo dragon (shapeshifter) (Abyss:3)
  10 efreet
  4 trolls
  8 ancient zymes
  An alligator snapping turtle skeleton (Abyss:3)
  An ice devil (Pan)
  3 tengu conjurers
  5 red devils (Pan)
  A hydra zombie (Crypt:1)
  A merfolk (D:11)
  A merfolk (shapeshifter) (Depths:2)
  19 hornets
  4 tyrant leeches
  A harpy zombie (Crypt:2)
  6 meliai
  5 polar bears
  10 hellwings
  2 harpy skeletons
  2 bloated husks
  A hydra skeleton (Crypt:3)
  A blink frog (shapeshifter) (Elf:1)
  A stone giant simulacrum (Hell)
  A jumping spider zombie (Crypt:2)
  6 glass eyes
  A glass eye (shapeshifter) (Vaults:2)
  17 blink frogs
  5 dream sheep (Lair:4)
  31 raiju
  14 flying skulls
  Sigmund (D:2)
  2 centaur simulacra (Hell)
  38 ynoxinuls
  24 spriggans
  4 vampires
  10 water elementals
  2 wyverns
  A culicivora (shapeshifter) (Depths:2)
  A shadow (D:13)
  8 wraiths
  An ettin skeleton (Hell)
  2 air elementals (Elf:3)
  An unseen horror simulacrum (D:9)
  53 yaks
  17 humans
  6 basilisks
  3 fire bats (Abyss:3)
  19 neqoxecs
  A redback (shapeshifter) (Vaults:4)
  4 steam dragons
  4 fire elementals
  3 redbacks
  21 vampire mosquitoes
  15 chaos spawn
  6 wargs
  57 nagas
  A harpy simulacrum (Abyss:2)
  3 spatial vortices (Abyss:3)
  A swamp worm (shapeshifter) (Depths:3)
  A deep troll zombie (Crypt:3)
  16 swamp worms
  15 water moccasins
  A two-headed ogre zombie (Crypt:1)
  An acid dragon (D:13)
  4 hell hounds
  A faun skeleton (Crypt:3)
  4 ice beasts
  A snapping turtle zombie (Crypt:1)
  9 swamp drakes
  A water nymph skeleton (Crypt:2)
  2 naga skeletons
  41 orc warriors
  14 ogres
  2 sky beasts
  A black mamba simulacrum (Hell)
  A hornet zombie (Crypt:2)
  A black bear (D:8)
  A tengu (shapeshifter) (Elf:3)
  8 centaurs
  A boggart (D:13)
  A boggart (shapeshifter) (Depths:2)
  34 wolves
  A blink frog skeleton (Crypt:2)
  11 small abominations
  3 kobold brigands
  A lemure (D:8)
  A draconian zombie (Crypt:2)
  A rime drake skeleton (Crypt:1)
  17 bullfrogs
  5 necrophages
  4 wyvern zombies (D:7)
  3 gnoll sergeants
  2 scorpions
  A naga simulacrum (Hell)
  4 earth elementals
  A water moccasin zombie (D:7)
  10 wights
  A shapeshifter zombie (Crypt:3)
  11 killer bees
  4 electric eels
  3 troll skeletons (Swamp:2)
  8 crimson imps
  A bullfrog zombie (D:7)
  9 howler monkeys
  A gnoll bouda (D:5)
  3 hounds
  3 jellies
  35 orc priests
  A quasit (Abyss:3)
  A centaur skeleton (Crypt:2)
  A bullfrog skeleton (Crypt:1)
  An iron imp (Abyss:2)
  4 iguanas
  20 orc wizards
  26 hell rats
  A boggart zombie (Crypt:1)
  4 killer bee zombies (D:7)
  An acid dragon zombie (Crypt:3)
  13 mummies (Ossuary)
  14 gnolls
  5 adders
  2 shadow imps
  7 white imps
  A howler monkey simulacrum (D:9)
  11 ufetubi
  An adder zombie (Crypt:3)
  6 dart slugs
  87 orcs
  6 bats
  10 endoplasms
  7 giant cockroaches
  12 goblins
  7 hobgoblins
  5 jackals
  16 kobolds
  A quokka (shapeshifter) (Depths:2)
  A quokka (D:1)
  7 ball pythons
  3 frilled lizards
  4 gnoll skeletons (Ossuary)
  3 goblin skeletons (Ossuary)
  A kobold skeleton (Ossuary)
  6 rats
  11 rat skeletons (Ossuary)
  A rat zombie (Crypt:2)
  A lurking horror (Abyss:2)
  2 starspawn tentacles (Abyss:3)
3211 creatures vanquished.

Vanquished Creatures (collateral kills)
  Rupert (Lair:3)
  A cane toad (D:9)
  A water moccasin (D:9)
3 creatures vanquished.

Vanquished Creatures (others)
  A demonspawn blood saint (Pan)
  A reaper (Crypt:2)
  A starcursed mass (Swamp:3)
  A red draconian (Zot:5)
  A green death (Pan)
  A deep elf knight (Elf:2)
  An efreet (Pan)
  A glass eye (Depths:1)
  2 ynoxinuls (Pan)
  A dire elephant simulacrum (Hell)
  A neqoxec (Pan)
  A hydra simulacrum (Hell)
  A swamp drake (Swamp:4)
  An orc (D:12)
  A ball lightning (Pan)
  2 fire vortices (Pan)
  9 foxfires
  2 starspawn tentacles (Abyss:3)
29 creatures vanquished.

Grand Total: 3243 creatures vanquished

Notes
Turn   | Place    | Note
-------+----------+-------------------------------------------
     0 | D:1      | jestert79 the Merfolk Shapeshifter began the quest for the
                  | Orb.
     0 | D:1      | Reached XP level 1. HP: 15/15 MP: 1/1
   102 | D:1      | Reached XP level 2. HP: 17/21 MP: 2/2
   266 | D:1      | Reached XP level 3. HP: 11/26 MP: 3/3
   696 | D:1      | Found a faded altar of an unknown god.
   876 | D:1      | Prayed at the altar of an unknown god.
   876 | D:1      | Became a worshipper of Dithmenos the Shadowed
   876 | D:1      | Reached * piety under Dithmenos
   909 | D:2      | Identified the +8 sling of Keolown {speed, Fly rN++ Str-5
                  | Stlth+}
  1061 | D:2      | Reached XP level 4. HP: 32/32 MP: 4/4
  1090 | D:2      | Reached skill level 5 in Unarmed Combat
  1271 | D:2      | Noticed Sigmund
  1275 | D:2      | Killed Sigmund
  1276 | D:2      | Reached XP level 5. HP: 37/37 MP: 5/5
  1276 | D:2      | Reached XP level 6. HP: 43/43 MP: 6/6
  1509 | D:3      | Identified the +6 whip of Wuigiche {protect, rN++ Will-
                  | Stlth+}
  1673 | D:3      | Reached ** piety under Dithmenos
  2150 | D:4      | Noticed Robin
  2753 | D:4      | Found a staircase to the Ecumenical Temple.
  2860 | D:5      | Entered Level 5 of the Dungeon
  2943 | D:5      | Reached XP level 7. HP: 48/48 MP: 7/7
  3429 | D:5      | Found a transporter.
  3433 | D:5      | Noticed ragingrage's ghost (amateur TeWr)
  3434 | D:5      | Found a transporter.
  3745 | D:6      | Reached *** piety under Dithmenos
  3746 | D:6      | Reached XP level 8. HP: 54/54 MP: 8/8
  3789 | D:6      | Reached skill level 5 in Shapeshifting
  3793 | D:6      | Noticed a yak
  3891 | D:6      | Identified a scroll of acquirement
  3891 | D:6      | Acquired a manual of Armour
  4119 | D:6      | Reached skill level 10 in Unarmed Combat
  4434 | D:6      | Killed a yak
  4439 | D:7      | Found an ancient bone altar of Kikubaaqudgha.
  4439 | D:7      | Found a stormy altar of Qazlal.
  4439 | D:7      | Found a hazy altar of Hepliaklqana.
  4439 | D:7      | Found an opulent altar of Gozag.
  4439 | D:7      | Found a broken altar of Ashenzari.
  4468 | D:7      | Reached XP level 9. HP: 59/59 MP: 9/9
  5135 | D:7      | Found a hide-covered altar of Uskayaw.
  6002 | D:8      | Reached skill level 5 in Dodging
  6040 | D:8      | Found a sand-covered staircase.
  6047 | Ossuary  | Entered an ossuary
  6052 | Ossuary  | Reached **** piety under Dithmenos
  6470 | D:8      | Noticed Pikel
  6476 | D:8      | Killed Pikel
  6477 | D:8      | Reached XP level 10. HP: 73/73 MP: 10/10
  6495 | D:8      | Found an iron altar of Okawaru.
  6523 | D:8      | Found an ornate altar of the Wu Jian Council.
  6756 | D:8      | Found a shimmering altar of Xom.
  6783 | D:8      | Found an ancient bone altar of Kikubaaqudgha.
  6783 | D:8      | Found a burning altar of Makhleb.
  6783 | D:8      | Found a glowing golden altar of the Shining One.
  6933 | D:8      | Reached skill level 10 in Shapeshifting
  6937 | D:8      | Found a stormy altar of Qazlal.
  6975 | D:8      | Reached ***** piety under Dithmenos
  7917 | D:9      | Reached skill level 5 in Fighting
  8072 | D:9      | Found a staircase to the Orcish Mines.
  8445 | D:9      | Found Ediepp's Self-Improvement Boutique.
  8565 | D:9      | Found a staircase to the Lair.
  8699 | D:9      | Reached XP level 11. HP: 67/81 MP: 11/11
  8852 | D:10     | Entered Level 10 of the Dungeon
  8942 | Lair:1   | Entered Level 1 of the Lair of Beasts
  9753 | D:9      | HP: 4/83 [yak (11)]
  9994 | Lair:1   | Noticed Nergalle
  9997 | Lair:1   | Noticed a spectral orc warlord
 10011 | Lair:1   | Killed Nergalle
 10525 | Lair:1   | Reached skill level 1 in Armour
 10806 | D:10     | Found a transporter.
 10808 | D:10     | Found a transporter.
 10812 | D:10     | Found a viscous altar of Jiyva.
 10813 | D:10     | Noticed a glowing orange brain
 11042 | D:10     | Noticed a two-headed ogre
 11708 | Lair:1   | Acquired 525 gold pieces
 11719 | Lair:2   | Identified the "Bytiq"
 11730 | Lair:1   | Reached skill level 5 in Ranged Weapons
 11851 | Lair:2   | Reached XP level 12. HP: 91/91 MP: 12/12
 12811 | Lair:2   | Found a staircase to the Snake Pit.
 12890 | Lair:2   | Reached skill level 5 in Armour
 13003 | Lair:2   | Reached ****** piety under Dithmenos
 13589 | Lair:3   | Noticed Rupert
 13650 | Orc:1    | Entered Level 1 of the Orcish Mines
 13888 | D:10     | Killed a two-headed ogre
 14052 | D:10     | Identified the +7 falchion "Quguuckyc" {holy, Drain rElec
                  | Str+10}
 14370 | D:11     | Noticed a tengu warrior
 14855 | Lair:3   | Killed Rupert
 14856 | Lair:3   | Reached skill level 10 in Dodging
 14856 | Lair:3   | Reached XP level 13. HP: 63/100 MP: 13/13
 15601 | Lair:3   | Noticed an eleionoma
 15614 | Lair:3   | Killed an eleionoma
 15621 | Lair:3   | Identified the +2 ring mail of the Will of the Gods {Will+
                  | Dex+3}
 15622 | Lair:3   | Found a staircase to the Swamp.
 16593 | Lair:4   | Noticed Urug
 16602 | Lair:4   | Killed Urug
 17178 | Lair:4   | Reached skill level 10 in Fighting
 17770 | Lair:5   | Entered Level 5 of the Lair of Beasts
 17948 | Lair:5   | Identified the ring "Egaunuh" {rF+ Str+2}
 17967 | Lair:4   | Reached XP level 14. HP: 111/111 MP: 14/14
 18356 | Lair:5   | Reached skill level 15 in Shapeshifting
 19417 | Lair:5   | Found a viscous altar of Jiyva.
 19433 | Lair:5   | Found a staircase to the Slime Pits.
 20227 | Orc:1    | Found Coupoel's General Store.
 20397 | Orc:2    | Entered Level 2 of the Orcish Mines
 20519 | Orc:2    | Reached skill level 15 in Dodging
 20763 | Orc:2    | Reached XP level 15. HP: 117/117 MP: 15/15
 20800 | Orc:2    | Acquired 800 gold pieces
 21191 | Orc:2    | Noticed an orc warlord
 21322 | Orc:2    | Found Sar Onub's Book Boutique.
 21351 | Orc:2    | Found Jomyq's Antique Armour Shop.
 21368 | Orc:2    | Bought a shiny helmet for 285 gold pieces
 21458 | Orc:2    | Killed an orc warlord
 21559 | Orc:2    | Reached skill level 15 in Unarmed Combat
 21976 | Orc:2    | Found Hablup's Distillery.
 21994 | Orc:2    | Bought a potion of heal wounds for 65 gold pieces
 21994 | Orc:2    | Bought a potion of heal wounds for 65 gold pieces
 22078 | Orc:2    | Noticed an orc warlord
 22109 | Orc:2    | Killed an orc warlord
 22139 | Orc:2    | Found Nobot's Book Boutique.
 22422 | Orc:2    | Found a staircase to the Elven Halls.
 23258 | D:12     | Noticed Jorgrun
 23270 | D:12     | Killed Jorgrun
 23490 | D:12     | Identified the +1 storm dragon scales "Morumyud" {rElec
                  | Will+}
 24000 | D:12     | Noticed Psyche
 24011 | D:12     | Killed Psyche
 24160 | D:13     | Noticed Lodul
 24160 | D:13     | Found a gate to the Vaults.
 24636 | D:13     | Reached XP level 16. HP: 127/127 MP: 16/16
 24918 | Orc:1    | Bought a scroll of blinking for 105 gold pieces
 24918 | Orc:1    | Bought a scroll of teleportation for 42 gold pieces
 24981 | Orc:2    | Bought a potion of curing for 39 gold pieces
 25295 | D:13     | Killed Lodul
 25987 | D:15     | Entered Level 15 of the Dungeon
 26537 | D:15     | Found a portal to a secret trove of treasure.
 26574 | D:15     | Found a staircase to the Depths.
 27099 | Swamp:1  | Entered Level 1 of the Swamp
 27150 | Swamp:1  | Noticed Louise
 27267 | Lair:3   | Killed Louise
 27834 | Swamp:2  | Noticed Donald
 27840 | Swamp:1  | Reached XP level 17. HP: 138/138 MP: 17/17
 27874 | Swamp:2  | Noticed Frances
 27882 | Swamp:1  | Killed Frances
 28401 | Swamp:2  | Killed Donald
 28515 | Swamp:2  | Identified the serpent talisman of Midnight {rElec rF-
                  | Str+4}
 28515 | Swamp:2  | Noticed Aizul
 28528 | Swamp:2  | Killed Aizul
 29193 | Swamp:3  | Found a one-way gate to the infinite horrors of the Abyss.
 29193 | Swamp:3  | Noticed tsujin's ghost (adept DjCj)
 29285 | Swamp:3  | Found a transporter.
 29504 | Swamp:3  | Found a broken altar of Ashenzari.
 29653 | Swamp:3  | Found a transporter.
 29941 | Swamp:4  | Entered Level 4 of the Swamp
 30062 | Swamp:4  | Upgraded the game from 0.31-a0-981-geadf994542 to
                  | 0.31-a0-983-g7b6862f502
 30311 | Swamp:4  | Reached skill level 15 in Fighting
 30335 | Swamp:4  | Reached XP level 18. HP: 135/149 MP: 18/18
 30718 | Swamp:4  | Noticed Nikola
 30742 | Swamp:4  | Killed Nikola
 30781 | Swamp:4  | Got a decaying rune of Zot
 31081 | Snake:1  | Entered Level 1 of the Snake Pit
 33000 | Swamp:3  | Identified the -1 pair of boots "Vuunwips" {rElec MP+9}
 33259 | Swamp:3  | Killed tsujin's ghost
 33326 | Swamp:3  | Learned a level 4 spell: Manifold Assault
 33800 | Snake:2  | Reached skill level 1 in Translocations
 34300 | Snake:3  | Learned a level 2 spell: Blink
 34389 | Snake:3  | Reached XP level 19. HP: 157/157 MP: 19/19
 34562 | Snake:3  | Reached skill level 5 in Translocations
 34898 | Snake:4  | Entered Level 4 of the Snake Pit
 36647 | Snake:4  | Got a serpentine rune of Zot
 36992 | Vaults:5 | Identified the "Weaqyi"
 36992 | Depths:2 | Identified the of Gixetsa
 36992 | Depths:2 | Identified the of Bykecw
 36992 | Depths:2 | Identified the of Plog
 36992 | Depths:2 | Identified the "Ceyra"
 36992 | Depths:2 | Identified the "Ittuox"
 36992 | Elf:1    | Entered Level 1 of the Elven Halls
 37218 | Elf:1    | Identified the ring of the Hero {Fire rElec}
 37719 | Elf:1    | Noticed Azrael
 37726 | Elf:1    | Killed Azrael
 38120 | Desolati | Identified the "Xattud"
 38120 | Desolati | Identified the of Orphixex
 38120 | Desolati | Identified the "Poil"
 38198 | Elf:2    | Reached XP level 20. HP: 165/165 MP: 20/20
 38243 | Elf:2    | Found Levy's Antique Weapon Emporium.
 38258 | Elf:2    | Found a crumbling gateway.
 38461 | Elf:2    | Found a runed translucent gate.
 38461 | Elf:2    | Found a runed translucent gate.
 38463 | Elf:2    | Found a runed translucent gate.
 40461 | Elf:3    | Identified the "Xaucis"
 40461 | Elf:3    | Identified the of Sashrese
 40461 | Elf:3    | Identified the "Seog"
 40461 | Elf:3    | Entered Level 3 of the Elven Halls
 40476 | Elf:3    | Found Fununit's Assorted Antiques.
 40478 | Elf:3    | Found Ulep's Book Emporium.
 40480 | Elf:3    | Found Ciakk's Antique Weapon Shoppe.
 40829 | Elf:3    | Paralysed by an air elemental for 1 turns
 41588 | Elf:3    | Identified the ring of Odakafirch {rN+ Str+2}
 41940 | Elf:3    | Reached skill level 10 in Translocations
 42356 | Elf:3    | Identified the ring of Wariness {Int+3 SInv Stlth+}
 42649 | Elf:3    | Noticed a Brimstone Fiend
 43050 | Elf:3    | Identified the +5 orcbow of Itwovaepp {elec, *Slow Dex+5}
 43058 | Elf:3    | Acquired a book of Lightning
 43531 | Vaults:1 | Entered Level 1 of the Vaults
 43790 | Vaults:1 | Reached XP level 21. HP: 174/174 MP: 21/21
 44195 | Vaults:1 | Learned a level 3 spell: Ozocubu's Armour
 44406 | Vaults:1 | Reached skill level 1 in Ice Magic
 45327 | Vaults:2 | You are sucked into a shaft and drop 2 floors!
 45491 | Vaults:2 | Found Ner Xaof's General Store.
 45534 | Vaults:2 | Found Hihio's Armour Shop.
 45557 | Vaults:2 | Reached skill level 5 in Ice Magic
 46451 | Vaults:2 | Found a staircase to the Crypt.
 46510 | Vaults:2 | Noticed a golden dragon
 46513 | Vaults:2 | Killed a golden dragon
 46775 | Vaults:2 | Identified the amulet of Qycybael {Spirit -Cast Will+
                  | Regen+}
 46783 | Vaults:2 | Identified the +3 leather armour of the Fife {+Inv Int+3}
 47335 | Vaults:3 | Noticed Norris
 47352 | Vaults:3 | Killed Norris
 47379 | Vaults:3 | Reached XP level 22. HP: 182/182 MP: 22/22
 48453 | Vaults:4 | Found a runed translucent door.
 48455 | Vaults:4 | Noticed Ziugimmo's ghost (veteran AtMo)
 48470 | Vaults:4 | Paralysed by a sphinx for 4 turns
 48640 | Vaults:4 | Found the +27 heavy crossbow "Sniper" {heavy, Acc+∞ SInv}
 49897 | Slime:1  | Entered Level 1 of the Pits of Slime
 50583 | Slime:2  | Gained mutation: You are dopey. (Int -2) [a shining eye]
 51677 | Slime:5  | Identified the of Fudaelil
 51677 | Slime:5  | Entered Level 5 of the Pits of Slime
 51728 | Slime:5  | Reached XP level 23. HP: 190/190 MP: 20/23
 52719 | Slime:5  | Noticed the Royal Jelly
 52800 | Slime:5  | Killed the Royal Jelly
 52896 | Slime:5  | Identified the +5 rapier of the Orcish Mines {antimagic,
                  | *Corrode rC- rN+++ Dex+10}
 52907 | Slime:5  | Identified the ring "Leiwoj" {rPois Int+6}
 52968 | Slime:5  | Identified the +6 halberd "Wuxuru Kuemi" {speed, rPois}
 53017 | Slime:5  | Identified the +6 whip "Newtslayer" {flame, *Corrode rElec
                  | rN+}
 53055 | Slime:5  | Got a slimy rune of Zot
 53073 | Slime:5  | Identified the staff "Yplorob" {rF+ Will+ Fire}
 53794 | Depths:1 | Entered Level 1 of the Depths
 54138 | Depths:1 | Found a radiant altar of Vehumet.
 54268 | Depths:1 | Noticed Sojobo
 54313 | Depths:1 | Killed Sojobo
 54381 | Depths:1 | Found a glowing silver altar of Zin.
 54647 | Depths:1 | Found a one-way gateway to a ziggurat.
 54996 | Depths:1 | Found a gateway to Hell.
 55108 | Depths:1 | Found a one-way gate leading to the halls of Pandemonium.
 55700 | Depths:2 | Found a glowing golden altar of the Shining One.
 55892 | Depths:2 | Acquired a book of Ice
 56082 | Depths:2 | Noticed a golden dragon
 56086 | Depths:2 | Killed a golden dragon
 56087 | Depths:2 | Reached XP level 24. HP: 201/201 MP: 23/23
 56202 | D:15     | You paid a toll of +2 gold dragon scales to enter a
                  | treasure trove
 56203 | Trove    | Entered a treasure trove
 56207 | Trove    | Identified the +4 crystal plate armour "Bujeiw" {rN++ Int-4
                  | Dex+3}
 56209 | Trove    | Identified the orb of Refuge {*Rage, Rampage Will++}
 56212 | Trove    | Identified the scarf "Aczeamn" {rC+ rF+, Will+}
 56214 | Trove    | Identified the +0 cloak of Leaves {+Inv Will+}
 56215 | Trove    | Identified the +8 chain mail "Ugady" {Regen+}
 56217 | Trove    | Identified the +8 plate armour of Inviolability {rF+}
 56221 | Trove    | Identified the +0 pair of boots of the Dragon {rPois rC+}
 56225 | Trove    | Identified the +1 buckler of Generosity {rCorr Str+3}
 56226 | Trove    | Identified the +2 buckler of Koinni {rF+}
 56242 | Trove    | Identified the +2 leather armour of the Moon {Str+7}
 56608 | Depths:2 | Acquired a manual of Ranged Weapons
 56668 | Depths:2 | Found Ydir's Antique Weapon Shoppe.
 56735 | Depths:2 | Noticed a juggernaut
 56739 | Depths:2 | Killed a juggernaut
 56936 | Depths:2 | Noticed a caustic shrike
 56943 | Depths:2 | Noticed a caustic shrike
 56945 | Depths:2 | Killed a caustic shrike
 56949 | Depths:2 | Killed a caustic shrike
 57348 | Depths:3 | Noticed Mara
 57809 | Depths:3 | Found a corrupted altar of Lugonu.
 58019 | Depths:3 | Killed Mara
 58289 | Depths:3 | Noticed a juggernaut
 58291 | Depths:3 | Identified the amulet of Xiuc Weg {rN+ Regen+ Stlth+}
 58305 | Depths:3 | Killed a juggernaut
 58472 | Depths:3 | Identified the +7 long sword of Gravity {flame, *Slow rElec
                  | Int+4 Dex+2}
 58839 | Depths:4 | Entered Level 4 of the Depths
 58932 | Depths:4 | Found a gate to the Realm of Zot.
 59730 | Depths:4 | Reached XP level 25. HP: 210/210 MP: 23/23
 60120 | Depths:4 | Identified the +3 sling of the Distant Future {heavy,
                  | Int+3}
 60161 | Depths:4 | Found Wutuh's Magic Scroll Emporium.
 60166 | Depths:4 | Found Losepnuo's Distillery.
 60168 | Depths:4 | Bought a scroll of blinking for 172 gold pieces
 60168 | Depths:4 | Bought a scroll of blinking for 172 gold pieces
 60168 | Depths:4 | Bought a scroll of blinking for 172 gold pieces
 60168 | Depths:4 | Bought a scroll of teleportation for 69 gold pieces
 60168 | Depths:4 | Bought a scroll of teleportation for 69 gold pieces
 60168 | Depths:4 | Bought a scroll of revelation for 172 gold pieces
 60174 | Depths:4 | Bought a potion of heal wounds for 80 gold pieces
 60682 | Crypt:1  | Entered Level 1 of the Crypt
 60846 | Crypt:1  | Reached skill level 27 in Shapeshifting
 62528 | Crypt:3  | Entered Level 3 of the Crypt
 62612 | Crypt:3  | Found a staircase to the Tomb.
 63424 | Crypt:3  | Identified the +11 whip of the Fray {venom, Will+ Int+2}
 63937 | Crypt:3  | Found an ancient bone altar of Kikubaaqudgha.
 63943 | Crypt:3  | Found a basalt altar of Yredelemnul.
 63984 | Crypt:3  | Identified the amulet of Okawaru's Esteem {Spirit Regen+
                  | SInv}
 64006 | Crypt:3  | Identified the +0 cloak of Hedonism {rPois rC+ Str+3}
 64471 | Vaults:5 | Entered Level 5 of the Vaults
 64598 | Vaults:5 | Reached XP level 26. HP: 219/222 MP: 23/23
 64618 | Vaults:5 | Reached skill level 27 in Dodging
 65012 | Vaults:5 | Found Zuekof's Antique Armour Shop.
 65019 | Vaults:5 | Bought the +3 crown of Dyrovepreva {rElec Int+2 SInv} for
                  | 1035 gold pieces
 65019 | Vaults:5 | Found the +3 crown of Dyrovepreva {rElec Int+2 SInv}
 65069 | Vaults:5 | Reached skill level 10 in Armour
 65171 | Vaults:5 | Noticed a dread lich
 65199 | Vaults:5 | Killed a dread lich
 65303 | Vaults:5 | Gained mutation: You are frail. (-10% HP) [a shining eye]
 65336 | Vaults:5 | Reached skill level 10 in Ranged Weapons
 65357 | Vaults:5 | Identified the ring of the Doge {MP+9 Stlth+}
 65378 | Vaults:5 | Identified the +9 mace of Symmetry {freeze, Int+5}
 65530 | Vaults:5 | Identified the +5 ring mail of Rinozed {Str-5 Int+5}
 65530 | Vaults:5 | Identified the ring "Qibbeic" {rElec EV+5}
 65797 | Vaults:5 | Got a silver rune of Zot
 65816 | Vaults:5 | Identified the +5 sling "Xaetudebe" {flame, Int+3}
 65833 | Vaults:5 | Acquired a manual of Ranged Weapons
 66698 | Vaults:4 | Killed Ziugimmo's ghost
 66895 | Depths:2 | Voluntarily entered the Abyss.
 67372 | Abyss:2  | Paralysed by accursed screaming for 1 turns
 67375 | Abyss:2  | Noticed an ancient lich
 67386 | Abyss:2  | Killed an ancient lich
 67772 | Abyss:2  | Reached XP level 27. HP: 209/209 MP: 23/23
 67817 | Abyss:3  | Found a corrupted altar of Lugonu.
 67882 | Abyss:3  | Noticed an ancient lich
 67909 | Abyss:3  | Killed an ancient lich
 68272 | Abyss:3  | Found a transporter.
 68331 | Abyss:3  | Found a transporter.
 68362 | Abyss:3  | Found a transporter.
 68364 | Abyss:3  | Got an abyssal rune of Zot
 68527 | Abyss:3  | Found an ancient bone altar of Kikubaaqudgha.
 68721 | Depths:2 | Escaped the Abyss
 68787 | Zot:1    | Entered Level 1 of the Realm of Zot
 70199 | Zot:2    | You fall into a shaft and drop 1 floor!
 72732 | Zot:4    | Found the +4 dragonskin cloak
 72732 | Zot:4    | Noticed Tiamat
 73169 | Zot:4    | Noticed an orb of fire
 73611 | Zot:4    | Killed an orb of fire
 74196 | Zot:4    | Killed Tiamat
 74321 | Zot:4    | Identified the +2 scale mail of the Guild-Master {+Blink
                  | rPois rN+ MP+9}
 74653 | Zot:5    | Entered Level 5 of the Realm of Zot
 74687 | Zot:5    | Reached skill level 27 in Unarmed Combat
 74772 | Zot:4    | Upgraded the game from 0.31-a0-983-g7b6862f502 to
                  | 0.31-a0-986-g5e6e4ef867
 75349 | Tar:7    | Identified the "Oniac"
 75349 | Tar:7    | Identified the of Caul
 75349 | Coc:7    | Identified the "Wustass"
 75349 | Dis:7    | Identified the "Dyucech"
 75349 | Dis:7    | Identified the of Sasurch
 75349 | Pan      | Entered Pandemonium
 75975 | Pan      | Noticed Kog Imn the pandemonium lord
 75984 | Pan      | Killed Kog Imn the pandemonium lord
 76338 | Depths:4 | Escaped Pandemonium
 76393 | Hell     | Entered the Vestibule of Hell
 76393 | Hell     | Noticed Geryon
 76404 | Abyss:3  | Cast into level 3 of the Abyss (hell knight)
 76489 | Hell     | Escaped the Abyss
 76541 | Hell     | Killed Geryon
 76542 | Hell     | Reached skill level 27 in Fighting
 76688 | Hell     | Found a gateway to the Iron City of Dis.
 76966 | Hell     | Found a gateway to the ashen valley of Gehenna.
 77293 | Hell     | Found a gateway to the decaying netherworld of Tartarus.
 77450 | Hell     | Found a gateway to the freezing wastes of Cocytus.
 77615 | Pan      | Entered Pandemonium
 77981 | Pan      | Reached skill level 1 in Spellcasting
 77991 | Pan      | Reached skill level 15 in Armour
 78010 | Pan      | Noticed Foge Vioggiu the pandemonium lord
 78015 | Pan      | Killed Foge Vioggiu the pandemonium lord
 78368 | Pan      | Noticed Wuamad the pandemonium lord
 78403 | Pan      | Killed Wuamad the pandemonium lord
 79378 | Pan      | Noticed Mual the pandemonium lord
 79429 | Pan      | Killed Mual the pandemonium lord
 79647 | Pan      | Identified the +8 hand axe of Leijubat {drain, rC- rCorr
                  | Dex+6 SInv}
 79942 | Pan      | Identified the +0 robe "Yxauqyimn" {rC+ rN+ rCorr}
 80056 | Pan      | Found an exit through the horrors of the Abyss.
 80119 | Pan      | Reached skill level 5 in Spellcasting
 80263 | Pan      | Noticed Metaf the pandemonium lord
 80275 | Pan      | Paralysed by you for 5 turns
 80287 | Pan      | Killed Metaf the pandemonium lord
 80654 | Pan      | Acquired a manual of Air Magic
 80661 | Pan      | Learned a level 4 spell: Vhi's Electric Charge
 81496 | Pan      | Found a huge runed translucent gate.
 81499 | Pan      | Found a huge runed translucent gate.
 81500 | Pan      | Found a huge runed translucent gate.
 81500 | Pan      | Found a huge runed translucent gate.
 81500 | Pan      | Found a huge runed translucent gate.
 81500 | Pan      | Found a huge runed translucent gate.
 81911 | Pan      | Found a huge runed translucent gate.
 81961 | Pan      | Noticed Soirem the pandemonium lord
 81988 | Pan      | Killed Soirem the pandemonium lord
 82938 | Pan      | Noticed Nieh the pandemonium lord
 82951 | Pan      | Killed Nieh the pandemonium lord
 83069 | Pan      | Identified the of Idoppat
 83069 | Pan      | Identified the "Xoosm"
 83069 | Pan      | Entered the realm of Cerebov.
 83145 | Pan      | Found the +6 sword of Cerebov {flame}
 83145 | Pan      | Noticed Cerebov
 83219 | Pan      | Reached skill level 1 in Shields
 84103 | Pan      | Identified the +3 dagger "Pieshripso" {vamp, Dex+3}
 84104 | Pan      | Identified the staff of the Endless Stars {rC+ rCorr Ice}
 84425 | Pan      | Reached skill level 10 in Ice Magic
 84518 | Pan      | Identified the +0 arbalest of Hivvulot {antimagic, rPois
                  | Int+8 Dex-3}
 84908 | Pan      | Identified the +7 mace "Raavi" {freeze, rElec rCorr Int+3
                  | Stlth+}
 84908 | Pan      | Identified the amulet "Konucibb" {Acrobat Dex+2}
 85015 | Pan      | HP: 10/224 [Brimstone Fiend/damnation[Cerebov] (44)]
 85015 | Pan      | Killed from afar by a balrug

Illustrated notes

Levels and vault maps discovered:
D:1:      dpeg_arrival_prison, layout_basic, serial_rivers,
          chequers_serial_rivers_room_a, chequers_serial_rivers_room_a,
          chequers_serial_rivers_small_b, chequers_serial_rivers_micro_a,
          hellmonk_ecumenical_altar_inner_sanctum
D:2:      layout_loops_ring, corexii_corridor_pit, minmay_misc_feat_diagonals,
          uniq_sigmund
D:3:      layout_loops_cross
D:4:      layout_basic, minmay_temple_entry_gardened_gates,
          nicolae_elevator_lobby_plus, uniq_robin
D:5:      nicolae_cairo_tiling, layout_rooms, gammafunk_ghost_arena
D:6:      layout_loops_ring, minmay_manual_mess
D:7:      layout_basic, grunt_temple_overflow_open, serial_undead,
          serial_undead_c, serial_undead_a, serial_undead_a, serial_undead_a,
          serial_undead_c, minivault_22, minmay_statues_item
D:8:      minmay_the_grid_octo_tiled_squarecenter
          [minmay_the_grid_octo_vomiting_pacman, minmay_the_grid_octo_shrine,
          minmay_the_grid_octo_fat_diamond, minmay_the_grid_octo_odd_swirl,
          minmay_the_grid_square_5x5_megaprize_hollow,
          minmay_the_grid_square_5x5_two_walls_b,
          minmay_the_grid_square_5x5_dogpile,
          minmay_the_grid_square_5x5_detours,
          minmay_the_grid_square_5x5_n_small], layout_basic,
          mainiacjoe_overflow_alcove_1, lightli_ossuary_entry_decrepit_ruins,
          corexii_leaking_fountain, minivault_27, uniq_pikel
D:9:      layout_basic, lair_entry_dummy, orc_0_dummy, serial_ice, serial_ice_n,
          serial_ice_l, serial_ice_d, serial_ice_c, serial_ice_h, serial_ice_g,
          nicolae_shop_self_help
D:10:     gammafunk_jiyva_shrine, layout_irregular_city, serial_column_ruins,
          column_ruins_square_medium, column_ruins_grid_2, column_ruins_grid_4,
          column_ruins_corridor_plus, column_ruins_grid_1
D:11:     layout_cave_pods, hangedman_stone_soup
D:12:     layout_basic, uniq_jorgrun, uniq_psyche
D:13:     layout_roguey, david_vaults_3, serial_bayou_pond_d
D:14:     layout_rooms, dreamdust_princess_corridor
D:15:     hangedman_depths_entry_try_elsewhere_first, layout_cave_pools,
          serial_park_tiny_2, enter_trove_3
Lair:1:   layout_big_grid, uniq_nergalle
Lair:2:   layout_regular_city, alex1729_snake_entry_snake
Lair:3:   layout_regular_city, alex1729_swamp_entry_worm_eleionoma,
          infiniplex_staircase_pool_2, grunt_megastairs_4, uniq_rupert
Lair:4:   layout_cave_pods, st_stairs_13, serial_bayou_shore_b,
          grunt_megastairs_1, uniq_urug
Lair:5:   minmay_lair_end_frog_pond, layout_gridlike, slime_entry_1
Swamp:1:  layout_basic_swamp, serial_swamp_ruin, evilmike_swamp_ruin_house_2,
          hangedman_swamp_ruin_wall, nicolae_swamp_decorative_isthmus,
          uniq_louise
Swamp:2:  cheibrodos_swamp_tower_of_moss, layout_basic_swamp,
          hangedman_swamp_diagram, cheibrodos_swamp_minitomb, uniq_donald,
          uniq_frances, uniq_aizul
Swamp:3:  layout_basic_swamp, gammafunk_ghost_abyssal_escape,
          lemuel_altar_in_water, swamp_pool_1_2, nicolae_swamp_drake_lake
Swamp:4:  swamp_alternative, layout_basic_swamp, swamp_pool_1_2,
          nicolae_swamp_spooky_pond, infiniplex_staircase_pool, uniq_nikola
Snake:1:  layout_layer_cave
Snake:2:  layout_layer_cave
Snake:3:  layout_rooms, serial_bayou, serial_bayou_pond_a,
          serial_bayou_crossing, serial_bayou_lagoon_a, serial_bayou_lake_a,
          st_stairs_11, drop_trap
Snake:4:  johnstein_snake_rune_scales, layout_onion
Slime:1:  nicolae_slime_pool, layout_caves
Slime:2:  layout_caves, nicolae_slime_barrier
Slime:3:  layout_caves
Slime:4:  layout_caves
Slime:5:  slime_pit_nicolae_block_by_block
Orc:1:    layout_caves, serial_shops, shop, einodemon_barbed_minivault
Orc:2:    pubby_orc_utopia, serial_shops
Elf:1:    layout_geoelf_octagon, kennysheep_underground_church, uniq_azrael
Elf:2:    nicolae_elf_blades_splatter_lattice [nooodl_blade_entry_preview],
          layout_geoelf_octagon, portal_desolation_entry_ruin, serial_shops,
          shop, dk_noncrumbling_4
Elf:3:    elf_hall, layout_geoelf_diagonals, minmay_shop_star
Vaults:1: v_pattern_4, vaults_mumra_hex, ontoclasm_vaults_pinch,
          vaults_dpeg_encased_lava, nicolae_vaults_rhombus_5,
          nicolae_vaults_tetromino_Z_2, st_spiral_rooms, v_misc_2,
          ontoclasm_vaults_gateway, vaults_dpeg_hooks, nicolae_vaults_asterisk,
          nicolae_vaults_layer_cake_slice, layout_vaults_omnigrid
Vaults:2: nicolae_vaults_taking_the_gang_shopping, hangedman_vaults_nails,
          nicolae_vaults_tetromino_L_2, nicolae_vaults_storage_room_statues,
          nicolae_vaults_network_quinsquares
          [nicolae_vaults_network_quincunx_subvault,
          nicolae_vaults_network_quincunx_subvault,
          nicolae_vaults_network_quincunx_subvault,
          nicolae_vaults_network_quincunx_subvault],
          nicolae_vaults_hallways_thing, minmay_crypt_entry_vampire_xt,
          hangedman_vaults_locks, nicolae_vaults_storing_the_good_stuff,
          ontoclasm_vaults_ring_small, hangedman_vaults_stagger,
          ontoclasm_vaults_chip, nicolae_vaults_trapezoid_2,
          nicolae_vaults_trapezoid_lopsided_3,
          nicolae_vaults_trapezoid_lopsided_1, layout_vaults_ring, serial_shops,
          nicolae_shop_real_fake_doors
Vaults:3: v_rooms_1, nicolae_vaults_apartment_2, nicolae_vaults_more_shelving_1,
          v_misc_4, grunt_vaults_hallway_short,
          nicolae_vaults_trapezoid_lopsided_2, v_misc_2,
          nicolae_vaults_little_squares_1, nicolae_vaults_asterisk,
          layout_vaults_big_room, uniq_norris
Vaults:4: ebering_ghost_reflecting_pool, nicolae_vaults_network_square,
          minmay_guarded_unrand_secular_launcher, nicolae_vaults_rhombus_7,
          nicolae_vaults_swerve, nicolae_vaults_meiosis, v_misc_2, v_misc_29,
          v_alt_pattern_6, nicolae_vaults_trapezoid_2, vaults_room_corners,
          layout_vaults_big_cross
Vaults:5
Crypt:1:  statuecave_lemuel, layout_gridlike, hex_medium
Crypt:2:  layout_gridlike, hex_tiny, palyth_stone_intersect, grunt_ministairs_3
Crypt:3:  lightli_unholy_cathedral, layout_chaotic_city,
          tomb_entry_shell_bobbens
Depths:1: layout_honeycomb, enter_ziggurat_e, rand_demon_pan_entry_9,
          lemuel_coloured_pillars_altar, hell_entry, zin_statuary, uniq_sojobo
Depths:2: minmay_tile_spiral, layout_cave_pools, tso_altar, abyss_entry,
          rand_demon_pan_entry_3, serial_shops, nicolae_shop_back_alley_shop,
          pf_dread_powers_of_hell
Depths:3: grunt_crosshair, layout_cave_shapes, serial_bayou,
          serial_bayou_pond_d, serial_bayou_ford_a, serial_bayou_shore_b,
          serial_bayou_pond_d, nrook_mini_vaults, grunt_metal_band,
          abyss_entry_flame_altar, uniq_mara
Depths:4: evilmike_zot_entry_diamond, layout_long_grid,
          serial_sigils_hangedman_gut, grunt_hell_entry_dis_mu,
          grunt_pan_entry_spiral, minmay_shoptagon
Hell
Zot:1:    layout_basic
Zot:2:    layout_basic, regret_index_zotdec_bone_old, skrybe_zot_glass_3
Zot:3:    kennysheep_blocky_room, layout_cathedral_of_symmetry
Zot:4:    layout_cathedral_of_symmetry, grunt_ministairs_1, uniq_tiamat
Zot:5:    layout_cellular_growth
Pan:      evilmike_mini_pan_doors_b, layout_gridville, rand_demon_4,
          layout_cellular_growth, pan_blood_fountain_small, evilmike_mini_pan_V,
          layout_cellular_growth, pan_blood_fountain,
          nicolae_pan_gloorx_vloqian_4, evilmike_mini_pan_pillars_b,
          layout_small_grid, nicolae_pan_gloorx_vloqian_1,
          nicolae_pan_sigil_itan, evilmike_mini_pan_thingy, layout_gridlike,
          nicolae_pan_giant_door, layout_basic, grunt_pan_zigzag,
          layout_gridlike, cerebov_st, layout_irregular_city

Skill      XL: |  1  2  3  4  5  6  7  8  9 10 11 12 13 14 15 16 17 18 19 20 21 22 23 24 25 26 27 |
---------------+----------------------------------------------------------------------------------+-----
Unarmed Combat | 4 6 7 8 10 11 12 13 14 15 16 17 18 19 20 21 22 23 24 27 | 27.0
Ranged Weapons | 2 3 5 8 11 13 | 13.1
Shapeshifting  | 7 9 11 12 13 14 16 17 19 20 21 22 23 25 26 27 | 27.0
Dodging        | 6 7 9 10 11 15 16 18 19 20 21 22 24 25 26 27 | 27.0
Fighting       | 4 5 7 8 10 12 13 15 16 17 18 19 20 21 22 27 | 27.0
Armour         | 4 6 7 9 11 16 | 16.6
Translocations | 3 9 10 11 13 | 13.8
Ice Magic      | 8 10 | 10.1
Spellcasting   | 7 |  7.5
Shields        | 4 |  4.0

Action                     |  1- 3 |  4- 6 |  7- 9 | 10-12 | 13-15 | 16-18 | 19-21 | 22-24 | 25-27 || total
---------------------------+-------+-------+-------+-------+-------+-------+-------+-------+-------++-------
  Melee: Unarmed           |    69 |    33 |   140 |   424 |  1018 |   807 |   943 |  1040 |  3697 ||  8171
         Tailslap          |     1 |       |       |       |    84 |   134 |   133 |    76 |    38 ||   466
         Punch             |       |       |     8 |    11 |    74 |    72 |   111 |   163 |   717 ||  1156
         Maw               |       |       |       |    95 |    73 |       |       |       |       ||   168
         Constrict         |       |       |       |       |    70 |       |       |       |       ||    70
         Bite              |       |       |       |       |    59 |    95 |    95 |    57 |    23 ||   329
   Fire: Sling             |     5 |    84 |   183 |   308 |    47 |       |       |       |       ||   627
         Heavy crossbow    |       |       |       |       |       |       |       |       |   121 ||   121
   Cast: Manifold Assault  |       |       |       |       |       |       |   175 |   100 |    49 ||   324
         Blink             |       |       |       |       |       |       |     1 |       |       ||     1
         Ozocubu's Armour  |       |       |       |       |       |       |       |     1 |     1 ||     2
 Invoke: Shadow Step       |       |       |       |       |       |     1 |       |       |       ||     1
Ability: Breathe Fire      |       |       |       |       |    19 |    26 |    25 |    23 |     2 ||    95
  Evoke: Wand              |       |       |       |    11 |     2 |     3 |     2 |       |    10 ||    28
    Use: Potion            |       |       |     2 |     5 |       |     1 |       |     3 |     1 ||    12
         Scroll            |       |       |     5 |    25 |     7 |     4 |     4 |     6 |    13 ||    64
   Stab: Sleeping          |     1 |       |     4 |     1 |    13 |    12 |    10 |    12 |     6 ||    59
         Paralysed         |       |       |       |     3 |       |       |       |       |       ||     3
         Distracted        |       |       |       |     1 |     2 |     2 |     3 |     3 |    14 ||    25
         Invisible         |       |       |       |     1 |       |       |       |       |       ||     1
         Confused          |       |       |       |       |       |     1 |       |       |       ||     1
 Armour: Animal skin       |    25 |    39 |    43 |    43 |       |       |       |       |       ||   150
         Skin              |       |       |       |   101 |   320 |   452 |   312 |   268 |   171 ||  1624
         Scale mail        |       |       |       |    20 |       |       |       |       |       ||    20
         Chain mail        |       |       |       |       |       |       |       |       |   417 ||   417
         Plate armour      |       |       |       |       |       |       |       |       |   676 ||   676
  Dodge: Dodged            |    37 |   102 |    93 |   421 |   859 |   743 |   602 |   714 |  2740 ||  6311
  Block: Buckler           |       |       |       |       |       |       |       |       |    91 ||    91
   Form: Maw               |       |       |       |     3 |       |       |       |       |       ||     3
         Flux              |       |       |       |     2 |       |       |       |       |       ||     2
         Beast             |       |       |       |     1 |     1 |       |       |       |       ||     2
         Anaconda          |       |       |       |       |     2 |       |       |       |       ||     2
         Dragon            |       |       |       |       |     3 |     1 |       |     2 |     1 ||     7
                           |       |       |       |       |     1 |     1 |       |     1 |     1 ||     4
         Storm             |       |       |       |       |       |       |     1 |       |     4 ||     5
         Death             |       |       |       |       |       |       |       |       |     3 ||     3

Table legend: (Time is in decaauts)
 A = Elapsed time spent in this place.
 B = Non-inter-level travel time spent in this place.
 C = Inter-level travel time spent in this place.
 D = Time resting spent in this place.
 E = Time spent auto-exploring this place.
 F = Levels seen in this place.
 G = Mean time per level.
                   A        B        C        D        E       F      G
               +--------+--------+--------+--------+--------+-----+--------+
         Total |  82069 |  74271 |   7798 |  16894 |  30198 |  70 | 1172.4 |
       Dungeon |  16072 |  13954 |   2118 |   2938 |   8095 |  15 | 1071.5 |
          Lair |   8905 |   7578 |   1327 |   2440 |   2864 |   5 | 1781.0 |
         Swamp |   4371 |   4002 |    369 |    877 |   1565 |   4 | 1092.8 |
     Snake Pit |   4800 |   4406 |    394 |    908 |   1917 |   4 | 1200.0 |
    Slime Pits |   3551 |   3424 |    127 |    937 |   1314 |   5 |  710.2 |
  Orcish Mines |   2704 |   2282 |    422 |    274 |    771 |   2 | 1352.0 |
   Elven Halls |   6275 |   5980 |    295 |   2665 |   1556 |   3 | 2091.7 |
        Vaults |   8311 |   7476 |    835 |   1358 |   3361 |   5 | 1662.2 |
         Crypt |   3285 |   3094 |    191 |    379 |   1711 |   3 | 1095.0 |
        Depths |   6883 |   6025 |    858 |   2113 |   1749 |   4 | 1720.8 |
          Hell |    873 |    855 |     18 |    205 |    379 |   1 |  873.0 |
           Zot |   5990 |   5151 |    839 |    586 |   2155 |   5 | 1198.0 |
         Abyss |   1692 |   1692 |      0 |    156 |    231 |   4 |  423.0 |
   Pandemonium |   7959 |   7959 |      0 |   1007 |   2384 |   8 |  994.9 |
         Trove |     45 |     45 |      0 |      0 |      0 |   1 |   45.0 |
       Ossuary |    345 |    345 |      0 |     46 |    145 |   1 |  345.0 |
               +--------+--------+--------+--------+--------+-----+--------+

Top non-repeatable levels by time:
   Elf:3: 2821 daAuts
     D:9: 2589 daAuts
   Elf:2: 2333 daAuts
   Orc:2: 2202 daAuts
  Lair:4: 2187 daAuts
Vaults:2: 2048 daAuts
  Lair:3: 2005 daAuts
Depths:2: 1968 daAuts
   Zot:3: 1950 daAuts
Vaults:4: 1856 daAuts
Depths:4: 1782 daAuts
Depths:1: 1778 daAuts
  Lair:1: 1768 daAuts
 Snake:4: 1727 daAuts
Vaults:1: 1687 daAuts
